 Dungeon Crawl Stone Soup version 0.30.1-4-g462c640d31 (webtiles) character file.

Game seed: 9387900647455699111

23332 Bobit the Cleaver (level 13, -3/96 (101) HPs)
             Began as a Gnoll Reaver on Aug 13, 2023.
             Was a High Priest of Qazlal.
             Slain by a sun demon (12 damage)
             ... summoned by an orc sorcerer
             ... led by an orc warlord
             ... on level 2 of the Orcish Mines.
             The game lasted 01:11:22 (18954 turns).

Bobit the Cleaver (Gnoll Reaver)                   Turns: 18954, Time: 01:11:22

HP:   -3/96 (101)   AC: 26    Str: 16    XL:     13   Next: 6%
MP:   35/35         EV: 13    Int: 13    God:    Qazlal [*****.]
Gold: 280           SH: 12    Dex: 11    Spells: 12/31 levels left

rFire   . . .        O - +2 broad axe (flame)
rCold   . . .        y - +0 buckler
rNeg    . . .        a - +5 ring mail
rPois   .            n - +0 helmet
rElec   .            o - +1 cloak
rCorr   .            k - +3 pair of gauntlets of War {Slay+5}
SInv    .            (no boots)
Will    .....        (no amulet)
Stlth   ++           U - +4 ring of protection
HPRegen 0.36/turn    r - ring of magical power
MPRegen 0.24/turn

%: repel missiles
@: protected from physical damage, lightly drained
A: fangs 1, strong nose, distributed training
a: Renounce Religion, Upheaval, Elemental Force, Disaster Area


You were on level 2 of the Orcish Mines.
You worshipped Qazlal.
Qazlal was extremely pleased with you.
You visited 4 branches of the dungeon, and saw 17 of its levels.

You collected 1519 gold pieces.
You spent 1239 gold pieces at shops.

Inventory:

Hand Weapons
 C - the +1 mace "Mogral" {drain, rElec rC+ rCorr SInv}
   (You found it on level 3 of the Dungeon)

   rC:        It protects you from cold.
   rElec:     It insulates you from electricity.
   SInv:      It lets you see invisible.
   rCorr:     It protects you from acid and corrosion.
 E - a +2 long sword of holy wrath
 F - a +3 flail of draining
 G - a +2 mace of protection
 O - a +2 broad axe of flaming (weapon)
Armour
 a - a +5 ring mail (worn)
 b - an orb of light
 k - the +3 pair of gauntlets of War (worn) {Slay+5}
   (You bought it in a shop on level 2 of the Dungeon)

   Slay:      It affects your accuracy & damage with ranged weapons and melee
   (+5).
 n - a +0 helmet (worn)
 o - a +1 cloak (worn)
 u - a +0 troll leather armour
 y - a +0 buckler (worn)
 B - a +1 pair of gloves
 Y - a +0 robe of willpower
Jewellery
 g - a ring of see invisible
 r - a ring of magical power (right hand)
 L - a ring of resist corrosion
 U - a +4 ring of protection (left hand)
 V - a +5 ring of evasion
 X - a ring of positive energy
Wands
 z - a wand of flame (4)
 J - a wand of acid (17)
 K - a wand of paralysis (11)
 R - a wand of polymorph (5)
 Z - a wand of mindburst (9)
Scrolls
 d - 6 scrolls of teleportation
 h - 3 scrolls of vulnerability
 i - 3 scrolls of fog
 j - 4 scrolls of enchant weapon
 m - 3 scrolls of fear
 p - a scroll of poison
 s - 2 scrolls of magic mapping
 t - a scroll of amnesia
 w - 3 scrolls of silence
 x - 6 scrolls of enchant armour
 M - 2 scrolls of noise
 N - 2 scrolls of blinking
 P - a scroll of brand weapon
Potions
 c - 2 potions of attraction
 e - 2 potions of heal wounds
 f - 5 potions of curing
 l - 3 potions of flight
 q - 4 potions of mutation
 v - 2 potions of ambrosia {unknown}
 A - 2 potions of degeneration {unknown}
 S - a potion of resistance {unknown}
 T - a potion of berserk rage {unknown}


   Skills:
 + Level 9.4 Fighting
 + Level 8.2 Short Blades
 + Level 8.2 Long Blades
 + Level 10.5 Axes
 + Level 8.2 Maces & Flails
 + Level 8.2 Polearms
 + Level 8.2 Staves
 + Level 8.2 Ranged Weapons
 + Level 8.2 Throwing
 + Level 8.2 Armour
 + Level 9.4 Dodging
 + Level 8.2 Stealth
 + Level 8.2 Shields
 + Level 8.2 Unarmed Combat
 + Level 9.7 Spellcasting
 + Level 8.8 Conjurations
 + Level 6.8 Hexes
 + Level 6.8 Summonings
 + Level 6.8 Necromancy
 + Level 6.8 Translocations
 + Level 6.8 Transmutations
 + Level 6.8 Fire Magic
 + Level 6.8 Ice Magic
 + Level 6.8 Air Magic
 + Level 6.8 Earth Magic
 + Level 6.8 Poison Magic
 + Level 9.0 Invocations
 + Level 8.2 Evocations


You had 12 spell levels left.
You knew the following spells:

 Your Spells              Type           Power      Damage    Failure   Level
a - Kiss of Death         Conj/Necr      100%       2d13      1%          1
b - Foxfire               Conj/Fire      100%       2x1d9     1%          1
c - Momentum Strike       Conj/Tloc      52%        3d9       1%          2
d - Mephitic Cloud        Conj/Pois/Air  25%        N/A       3%          3
e - Fireball              Conj/Fire      13%        3d7       26%         5
f - Swiftness             Air            24%        N/A       4%          3
g - Cause Fear            Hex            12%        N/A       14%         4

Your spell library contained the following spells:

 Spells                   Type           Power      Damage    Failure   Level
 Beastly Appendage        Tmut           48%        N/A       1%          1
 Magic Dart               Conj           100%       1d8       1%          1
 Shock                    Conj/Air       100%       1d9       1%          1
 Call Imp                 Summ           48%        N/A       2%          2
 Wereblood                Tmut           24%        N/A       2%          2
 Dazzling Flash           Conj/Hex       52%        N/A       3%          3
 Hailstorm                Conj/Ice       26%        3d7       3%          3
 Spider Form              Tmut/Pois      24%        N/A       4%          3
 Vhi's Electric Charge    Tloc/Air       48%        N/A       4%          3
 Volatile Blastmotes      Fire/Tloc      48%        2d14      4%          3
 Iskenderun's Mystic Bla  Conj/Tloc      26%        2d7       10%         4
 Airstrike                Air            12%        2d(2-18)  14%         4
 Arcjolt                  Conj/Air       13%        1d23      26%         5
 Starburst                Conj/Fire      13%        6d5       83%         6
 Plasma Beam              Fire/Air       12%        2x1d25    92%         6
 Dragon Form              Tmut           12%        N/A       100%        7
 Dragon's Call            Summ           12%        N/A       100%        9


Dungeon Overview and Level Annotations

Branches:
Dungeon (13/15)            Temple (1/1) D:4            Lair (1/5) D:11
    Orc (2/2) D:10            Elf (0/3) Orc:2
 Vaults: D:13-14

Altars:
Ashenzari
Cheibriados
Dithmenos
Elyvilon
Fedhas
Gozag
Hepliaklqana
Kikubaaqudgha
Makhleb
Nemelex Xobeh
Okawaru
Qazlal
Ru
Sif Muna
Trog
Uskayaw
Vehumet
Wu Jian
Xom
Yredelemnul
Zin

Shops:
D:2 =[[:!   D:8 *!*

Portals:
Abyss: D:12

Annotations:
D:5 1 runed translucent door, Crazy Yiuf
D:12 2 transporters
Lair:1 exclusions: 2 oklob plants, plant and 1 more exclusion


Innate Abilities, Weirdness & Mutations

You have very sharp teeth.
Your uncanny sense of smell can sniff out nearby items.
Your experience applies equally to all skills.


Message History

The orc warrior hits you but does no damage.
The orc sorcerer gestures wildly while chanting.
The orc warrior barely misses you.
You hit the orc warrior but do no damage.
The orc warrior is severely wounded.
You hit the orc priest. You burn the orc priest.
The orc warrior hits you but does no damage. x2
The orc sorcerer casts a spell.
The orc priest is engulfed in freezing vapours.
You kill the orc priest!
Qazlal accepts your kill.
You slash the orc warrior! You burn the orc warrior.
You kill the orc warrior!
Qazlal accepts your kill.
You hear a shout!
You block the orc warrior's attack.
An orc comes into view. It is wielding a +0 hand axe.
You block the orc warrior's attack. The orc attacks as you move away!
You block the orc's attack.
An orc warrior comes into view. It is wielding a +0 hand axe.
You hear a shout!
An orc warrior comes into view. It is wielding a +0 flail.
You block the orc warrior's attack.
The orc sorcerer gestures at you while chanting.
The bolt of negative energy hits the hellwing.
The hellwing completely resists.
The bolt of negative energy hits you!!
You feel drained.
Things that are here:
a +0 hand axe; a +0 plate armour The orc warrior attacks as you move away!
The orc warrior closely misses you.
An orc comes into view. It is wielding a +0 dagger.
The orc shouts!
You hear a shout!
You block the sun demon's attack. You block the orc warrior's attack.
Unknown command.
You hear a shout!
The sun demon hits you!!
* * * LOW HITPOINT WARNING * * *
You are engulfed in flames!
You die...

)))...)........#......#.#
))######.................
.## #................. ##
#.....>...........
...#...............#
.....................
.........##.☼.......#
##........##o)......#
##......##.@o......#
.........○3.#o...##
##########☼4#...##
##o##o... #o)##.... ##o#
...# o. .## o.8. ....


You could see a sun demon (summoned), a hellwing (summoned), an orc sorcerer, 2
orc warriors and 4 orcs.

Vanquished Creatures
  Josephine (D:11)
  2 boulder beetles
  Pikel (D:8)
  2 deep elf pyromancers (D:12)
  An orc knight (D:10)
  2 ugly things
  A cyclops (D:12)
  A black mamba (Lair:1)
  A gargoyle (D:12)
  An unseen horror (D:12)
  A komodo dragon (D:11)
  6 kobold demonologists
  A queen bee (D:11)
  A polar bear (Lair:1)
  3 trolls
  3 blink frogs (Lair:1)
  6 slime creatures (D:12)
  A shadow (D:10)
  7 wraiths
  29 yaks
  A wyvern (D:8)
  7 vampire mosquitoes (D:12)
  2 steam dragons (D:8)
  Edmund (D:6)
  A warg (D:10)
  An acid dragon (D:11)
  Duvessa (D:4)
  2 water moccasins
  A floating eye (Lair:1)
  15 orc warriors
  A sky beast (D:6)
  5 ogres
  2 centaurs
  2 kobold brigands
  9 bullfrogs
  2 gnoll sergeants
  5 scorpions
  4 wights (D:8)
  Dowan (D:4)
  16 killer bees
  4 howler monkeys
  2 jellies
  A crimson imp (D:5)
  2 gnoll boudas
  7 hounds
  13 orc priests
  5 iguanas
  3 sleepcaps
  18 orc wizards
  18 gnolls
  7 adders
  3 white imps
  7 ufetubi
  2 worms
  2 dart slugs
  49 orcs
  8 ball pythons
  5 bats
  An endoplasm (D:2)
  3 giant cockroaches
  12 goblins
  11 hobgoblins
  4 quokkas
  3 frilled lizards
  8 kobolds
  5 rats
353 creatures vanquished.

Vanquished Creatures (collateral kills)
  A foxfire (D:11)
1 creature vanquished.

Vanquished Creatures (others)
  57 foxfires
57 creatures vanquished.

Grand Total: 411 creatures vanquished

Notes
Turn   | Place    | Note
-------+----------+-------------------------------------------
     0 | D:1      | Bobit the Gnoll Reaver began the quest for the Orb.
     0 | D:1      | Reached XP level 1. HP: 20/20 MP: 6/6
    72 | D:1      | Reached XP level 2. HP: 6/22 MP: 5/7
   152 | D:1      | Found a faded altar of an unknown god.
   507 | D:1      | Learned a level 1 spell: Foxfire
   510 | D:1      | Learned a level 2 spell: Momentum Strike
   760 | D:2      | Reached skill level 5 in Spellcasting
   760 | D:2      | Reached XP level 3. HP: 22/26 MP: 7/9
   800 | D:2      | Found Buidghun's Distillery.
   813 | D:2      | Bought a potion of curing for 36 gold pieces
   830 | D:2      | Found Ycaxar's Armour Emporium.
   854 | D:2      | Found Luhe Zeoll's Book Emporium.
  1012 | D:2      | Reached skill level 1 in Invocations
  1030 | D:2      | Found Toumots's Armour Emporium.
  1065 | D:2      | Found Momydili's Jewellery Shoppe.
  1128 | D:2      | Reached skill level 1 in Short Blades
  1128 | D:2      | Reached skill level 1 in Long Blades
  1128 | D:2      | Reached skill level 1 in Maces & Flails
  1128 | D:2      | Reached skill level 1 in Polearms
  1128 | D:2      | Reached skill level 1 in Staves
  1128 | D:2      | Reached skill level 1 in Ranged Weapons
  1128 | D:2      | Reached skill level 1 in Throwing
  1128 | D:2      | Reached skill level 1 in Armour
  1128 | D:2      | Reached skill level 1 in Stealth
  1128 | D:2      | Reached skill level 1 in Shields
  1128 | D:2      | Reached skill level 1 in Unarmed Combat
  1128 | D:2      | Reached skill level 1 in Evocations
  1554 | D:3      | Identified the +1 mace "Mogral" {drain, rElec rC+ rCorr
                  | SInv}
  1576 | D:3      | Found a sacrificial altar of Ru.
  1635 | D:3      | Reached XP level 4. HP: 25/31 MP: 11/11
  1865 | D:3      | Reached skill level 1 in Hexes
  1865 | D:3      | Reached skill level 1 in Summonings
  1865 | D:3      | Reached skill level 1 in Necromancy
  1865 | D:3      | Reached skill level 1 in Translocations
  1865 | D:3      | Reached skill level 1 in Transmutations
  1865 | D:3      | Reached skill level 1 in Fire Magic
  1865 | D:3      | Reached skill level 1 in Ice Magic
  1865 | D:3      | Reached skill level 1 in Air Magic
  1865 | D:3      | Reached skill level 1 in Earth Magic
  1865 | D:3      | Reached skill level 1 in Poison Magic
  2401 | D:4      | Reached XP level 5. HP: 10/37 MP: 10/12
  2788 | D:4      | Found a basalt altar of Yredelemnul.
  2796 | D:4      | Noticed Duvessa
  2808 | D:4      | Noticed Dowan
  2822 | D:5      | Entered Level 5 of the Dungeon
  3259 | D:5      | Reached XP level 6. HP: 10/41 MP: 5/13
  3409 | D:5      | Reached skill level 5 in Fighting
  3409 | D:5      | Reached skill level 5 in Dodging
  3656 | D:5      | Found a shimmering blue altar of Sif Muna.
  3825 | D:5      | Found a runed translucent door.
  3826 | D:5      | Noticed Crazy Yiuf
  4181 | D:5      | Became a worshipper of Sif Muna the Loreminder
  4410 | D:5      | Found a stormy altar of Qazlal.
  4435 | D:5      | Fell from the grace of Sif Muna
  4435 | D:5      | Became a worshipper of Qazlal Stormbringer
  4945 | D:4      | Killed Duvessa
  4946 | D:4      | Reached skill level 7 in Axes
  4946 | D:4      | Reached XP level 7. HP: 30/41 MP: 7/15
  5545 | D:4      | Killed Dowan
  5818 | D:4      | Found a staircase to the Ecumenical Temple.
  6081 | D:2      | Bought a +1 pair of gloves for 149 gold pieces
  6348 | Temple   | Entered the Ecumenical Temple
  7054 | D:6      | Reached * piety under Qazlal
  7083 | D:6      | Found an opulent altar of Gozag.
  7102 | D:6      | Reached XP level 8. HP: 55/63 MP: 16/16
  7192 | D:6      | Found a snail-covered altar of Cheibriados.
  7552 | D:6      | Found an ancient bone altar of Kikubaaqudgha.
  7552 | D:6      | Noticed Edmund
  7554 | D:6      | Found a hazy altar of Hepliaklqana.
  7555 | D:6      | Found a hide-covered altar of Uskayaw.
  7579 | D:6      | Killed Edmund
  7634 | D:6      | Found a blossoming altar of Fedhas.
  7634 | D:6      | Found a radiant altar of Vehumet.
  8457 | D:7      | Reached XP level 9. HP: 39/60 MP: 18/18
  8586 | D:7      | Found a burning altar of Makhleb.
  8586 | D:7      | Found a sparkling altar of Nemelex Xobeh.
  9156 | D:7      | Identified the +0 robe of Xom's Benevolence {Int+3}
  9328 | D:7      | Learned a level 3 spell: Mephitic Cloud
  9334 | D:7      | Learned a level 5 spell: Fireball
 10001 | D:8      | Reached ** piety under Qazlal
 10336 | D:8      | Found Lolisux's General Store.
 10351 | D:8      | Bought a +2 broad axe of flaming for 288 gold pieces
 10369 | D:8      | Noticed a kobold demonologist
 10494 | D:8      | Killed a kobold demonologist
 10495 | D:8      | Reached skill level 8 in Axes
 10495 | D:8      | Reached skill level 5 in Invocations
 10563 | D:8      | Found Zuubimm's Distillery.
 10730 | D:8      | Was forgiven by Sif Muna
 10963 | D:8      | Found Dimaziol's Assorted Antiques.
 11226 | D:9      | Noticed a troll
 11492 | D:8      | Killed a troll
 11497 | D:8      | Reached skill level 5 in Short Blades
 11497 | D:8      | Reached skill level 5 in Long Blades
 11497 | D:8      | Reached skill level 5 in Maces & Flails
 11497 | D:8      | Reached skill level 5 in Polearms
 11497 | D:8      | Reached skill level 5 in Staves
 11497 | D:8      | Reached skill level 5 in Ranged Weapons
 11497 | D:8      | Reached skill level 5 in Throwing
 11497 | D:8      | Reached skill level 5 in Armour
 11497 | D:8      | Reached skill level 5 in Stealth
 11497 | D:8      | Reached skill level 5 in Shields
 11497 | D:8      | Reached skill level 5 in Unarmed Combat
 11497 | D:8      | Reached skill level 5 in Evocations
 11497 | D:8      | Reached XP level 10. HP: 47/77 MP: 17/20
 11660 | D:9      | Noticed Pikel
 11823 | D:8      | Killed Pikel
 12679 | D:10     | Entered Level 10 of the Dungeon
 12755 | D:10     | Found a staircase to the Orcish Mines.
 12821 | D:10     | Reached *** piety under Qazlal
 12838 | D:10     | Reached skill level 9 in Axes
 12953 | D:10     | Reached skill level 5 in Hexes
 12953 | D:10     | Reached skill level 5 in Summonings
 12953 | D:10     | Reached skill level 5 in Necromancy
 12953 | D:10     | Reached skill level 5 in Translocations
 12953 | D:10     | Reached skill level 5 in Transmutations
 12953 | D:10     | Reached skill level 5 in Fire Magic
 12953 | D:10     | Reached skill level 5 in Ice Magic
 12953 | D:10     | Reached skill level 5 in Air Magic
 12953 | D:10     | Reached skill level 5 in Earth Magic
 12953 | D:10     | Reached skill level 5 in Poison Magic
 12953 | D:10     | Reached XP level 11. HP: 38/85 MP: 22/22
 13408 | D:11     | Found a staircase to the Lair.
 13443 | D:11     | Noticed a boulder beetle
 13487 | Lair:1   | Entered Level 1 of the Lair of Beasts
 13925 | Lair:1   | Reached **** piety under Qazlal
 14008 | Lair:1   | Learned a level 3 spell: Swiftness
 14013 | Lair:1   | Learned a level 4 spell: Cause Fear
 14121 | Lair:1   | Noticed an oklob plant
 14163 | Lair:1   | Paralysed by a floating eye for 3 turns
 14171 | Lair:1   | Paralysed by a floating eye for 4 turns
 14225 | D:11     | Noticed Josephine
 14425 | D:12     | Noticed a green ugly thing
 14426 | D:12     | Noticed a great orb of eyes
 14427 | D:12     | Found a transporter.
 14439 | D:12     | Noticed a cacodemon
 14455 | D:12     | Noticed a deep elf pyromancer
 14469 | D:12     | Killed a deep elf pyromancer
 14470 | D:12     | Reached XP level 12. HP: 35/94 MP: 11/24
 14565 | D:12     | Found a transporter.
 14969 | D:12     | Noticed a boulder beetle
 14998 | D:12     | Noticed a deep elf knight
 15017 | D:12     | Killed a boulder beetle
 15018 | D:12     | Reached skill level 10 in Axes
 15654 | D:11     | Killed Josephine
 15921 | D:11     | Reached ***** piety under Qazlal
 16227 | Lair:1   | Paralysed by a floating eye for 2 turns
 16239 | Lair:1   | Paralysed by a floating eye for 2 turns
 16244 | Lair:1   | Paralysed by a floating eye for 4 turns
 16252 | Lair:1   | Paralysed by a floating eye for 4 turns
 16253 | Lair:1   | Killed a boulder beetle
 16523 | Lair:1   | Paralysed by a floating eye for 4 turns
 16694 | Lair:1   | Paralysed by a floating eye for 4 turns
 17492 | Orc:1    | Entered Level 1 of the Orcish Mines
 17938 | D:12     | Found a one-way gate to the infinite horrors of the Abyss.
 18311 | D:2      | Bought the +3 pair of gauntlets of War {Slay+5} for 617
                  | gold pieces
 18311 | D:2      | Found the +3 pair of gauntlets of War {Slay+5}
 18311 | D:2      | Bought a +1 cloak for 149 gold pieces
 18525 | Orc:2    | Entered Level 2 of the Orcish Mines
 18819 | Orc:2    | Reached XP level 13. HP: 101/101 MP: 26/26
 18871 | Orc:2    | Found a staircase to the Elven Halls.
 18954 | Orc:2    | Slain by a sun demon

Illustrated notes

Levels and vault maps discovered:
D:1:      zelgadis_glass_arrival_small, layout_loops_cross,
          chequers_ecumenical_altar_simple_redux, serial_bayou_pond_a,
          minmay_misc_feat_doors, minmay_parallelograms, dk_noncrumbling_4
D:2:      layout_basic, serial_shops, shop, nicolae_shop_gaudy_bauble, shop,
          nicolae_shop_rolling_square, shop
D:3:      layout_loops_ring, hangedman_ru_absence
D:4:      layout_gridville, mainiacjoe_overflow_concentric_impassable,
          minmay_temple_entry_gardened_gates, kennysheep_generic_room_14,
          uniq_duvessa
D:5:      layout_basic, mainiacjoe_overflow_boulevard,
          mainiacjoe_overflow_catwalk, minmay_fire_ice_demons,
          uniq_crazy_yiuf_cottage
D:6:      layout_loops_ring, slow_altar_1, mainiacjoe_overflow_cross_hatched,
          grunt_temple_overflow_open, uniq_edmund
D:7:      layout_basic, jmf_multi_god_temple, enter_bailey_2
D:8:      layout_cave_pods, serial_shops, shop_statue, shop, shop
D:9:      layout_roguey, nrook_pool_corridor, chequers_serial_rivers_micro_d,
          minmay_liquid_box, st_stairs_10, statue_in_the_mist_lemuel,
          moated_statue, minmay_gold_behind_fungi, uniq_pikel
D:10:     minmay_klotski, layout_cave_pods, amcnicky_altar_gilded,
          minmay_orc_entry_temple_small
D:11:     layout_loops_ring, david_lair_shrubbed, grunt_ministairs_11,
          nicolae_looking_at_the_future, uniq_josephine
D:12:     layout_gridville, gammafunk_ghost_abyssal_escape
D:13:     layout_basic, skrybe_vaults_entry_preservation,
          nicolae_trove_entry_columns
Temple:   hellmonk_temple_flake
Lair:1:   layout_regular_city, disabler_island, lemuel_fruit_tree
Orc:1:    layout_caves
Orc:2:    grunt_orc_community_town_hall, layout_caves,
          grunt_orc_community_big_house_2, grunt_orc_community_big_house_1,
          grunt_orc_community_house_1, grunt_orc_community_house_3,
          grunt_orc_community_house_3, grunt_orc_community_house_2,
          grunt_orc_community_house_1, basic_altar, uniq_saint_roka

Skill      XL: |  1  2  3  4  5  6  7  8  9 10 11 12 13 |
---------------+----------------------------------------+-----
Spellcasting   | 5 6 7 8 9 |  9.7
Invocations    | 1 2 3 4 5 6 7 8 9 |  9.0
Short Blades   | 1 2 3 5 6 7 8 |  8.2
Long Blades    | 1 2 3 5 6 7 8 |  8.2
Maces & Flails | 1 2 3 5 6 7 8 |  8.2
Polearms       | 1 2 3 5 6 7 8 |  8.2
Staves         | 1 2 3 5 6 7 8 |  8.2
Ranged Weapons | 1 2 3 5 6 7 8 |  8.2
Throwing       | 1 2 3 5 6 7 8 |  8.2
Armour         | 1 2 3 5 6 7 8 |  8.2
Stealth        | 1 2 3 5 6 7 8 |  8.2
Shields        | 1 2 3 5 6 7 8 |  8.2
Unarmed Combat | 1 2 3 5 6 7 8 |  8.2
Evocations     | 1 2 3 5 6 7 8 |  8.2
Hexes          | 1 2 3 4 5 6 |  6.8
Summonings     | 1 2 3 4 5 6 |  6.8
Necromancy     | 1 2 3 4 5 6 |  6.8
Translocations | 1 2 3 4 5 6 |  6.8
Transmutations | 1 2 3 4 5 6 |  6.8
Fire Magic     | 1 2 3 4 5 6 |  6.8
Ice Magic      | 1 2 3 4 5 6 |  6.8
Air Magic      | 1 2 3 4 5 6 |  6.8
Earth Magic    | 1 2 3 4 5 6 |  6.8
Poison Magic   | 1 2 3 4 5 6 |  6.8
Fighting       | 5 6 7 8 9 |  9.4
Dodging        | 5 6 7 8 9 |  9.4
Axes           | 7 8 9 10 | 10.5
Conjurations   | 6 7 8 |  8.8

Action                     |  1- 3 |  4- 6 |  7- 9 | 10-12 | 13-15 || total
---------------------------+-------+-------+-------+-------+-------++-------
  Melee: Hand axe          |   122 |   204 |    48 |       |       ||   374
         Punch             |     1 |     3 |       |       |       ||     4
         Bite              |    17 |    18 |    55 |    84 |     6 ||   180
         Mace              |       |       |   219 |    38 |       ||   257
         Flail             |       |       |    69 |       |       ||    69
         Broad axe         |       |       |    51 |   530 |    42 ||   623
   Cast: Kiss of Death     |     3 |     6 |     3 |     3 |       ||    15
         Foxfire           |       |    27 |     3 |    10 |       ||    40
         Momentum Strike   |       |     6 |     6 |    17 |       ||    29
         Mephitic Cloud    |       |       |     2 |    23 |       ||    25
         Fireball          |       |       |       |    31 |       ||    31
    Use: Potion            |     1 |     2 |     2 |     4 |       ||     9
         Scroll            |       |       |       |    16 |       ||    16
   Stab: Sleeping          |     1 |       |       |       |       ||     1
         Confused          |       |       |     1 |     9 |       ||    10
 Armour: Leather armour    |    26 |       |    24 |       |       ||    50
         Scale mail        |     9 |   120 |   129 |       |       ||   258
         Plate armour      |       |       |    18 |       |       ||    18
         Troll leather arm |       |       |       |   206 |       ||   206
         Ring mail         |       |       |       |    30 |    14 ||    44
  Dodge: Dodged            |    77 |   188 |   190 |   390 |    20 ||   865
         Repelled          |       |       |       |     5 |       ||     5
  Block: Buckler           |       |     3 |   126 |   359 |    44 ||   532
